 BcadrenCrawl: Boulder Brew version 0.04.2-10-g17648f679b (webtiles) character file.

Game seed: 7372290688952178267, levelgen mode: deterministic

21840 diana the Fighter (level 12, -8/123 HPs) Golden Draconian Demigod. Began on May 2, 2021. Mangled by a wolf spider (13 damage) ... on level 1 of the Lair of Beasts. The game lasted 00:38:37 (9211 turns).

diana the Fighter (Golden Draconian Demigod)        Turns: 9211, Time: 00:38:38

Health: -8/123     AC:  7    Str: 19    XL:     12 ^: 14030
Magic:  11/29      EV: 15    Int: 22    God:
Gold:   608        SH:  0    Dex: 15    Spells: 13/31 levels left

rFire    + . .     Vision   .   v - +3 mace "Nicvesch" {crush, Int+3}
rCold    + . .     Gourm    .     - Unarmed
rNeg     . . .     Faith    .   (armour unavailable)
rPois    +         Spirit   .   (helmet restricted)
rElec    .         Reflect  .   h - +0 cloak
rCorr    +         Harm     .   (no gloves)
MR       .....                  (no boots)
Stlth    ++........             (no amulet)
HPRegen  0.51/turn              s - ring of protection (curse) {(Curse: *Slow)}
MPRegen  0.39/turn              e - ring of resist corrosion

@: corroded, studying Bows
A: no body armour, unfitting armour, high mp 1, cold-blooded, boosted whips and
flails aptitude, boosted stealth aptitude, fire, ice and poison enhancers 1,
rF+, rC+, rPois, AC +9
a: Breathe Fire, Breathe Frost, Breathe Noxious Fumes


You were on level 1 of the Lair of Beasts.
You were hungry.

You visited 2 branches of the dungeon, and saw 7 of its levels.
You also visited: Ice Cave.

You collected 608 gold pieces.

Inventory:

Weapons
 v - the +3 mace "Nicvesch" (weapon) {crush, Int+3}
   (You found it in an ice cave)

   It inflicts extra damage upon your enemies.
   It affects your intelligence (+3).
Armour
 h - a +0 cloak (worn)
 q - a scarf of repulsion
Jewellery
 e - a ring of resist corrosion (right hand)
 s - a cursed ring of protection (left hand) {(Curse: *Slow)}
 y - an uncursed ring of ice
Wands
 p - a wand of acid (14)
Scrolls
 a - 4 scrolls of teleportation
 i - a scroll of magic mapping
 j - a scroll of blinking
 l - a scroll of bless item
 n - a scroll of enchantment
 o - a scroll of acquirement
 r - a scroll of summoning
 t - a scroll of fear
 u - a scroll of amnesia
Potions
 d - 2 potions of magic
 f - 2 potions of heal wounds
 g - 17 potions of curing
 k - a potion of cancellation
 m - 2 potions of agility
Miscellaneous
 x - a lightning rod (4/4)
Comestibles
 b - 16 rations


   Skills:
 + Level 12.8 Fighting
 - Level 5.2 Dodging
 - Level 2.0 Stealth
 - Level 6.6 Unarmed Combat
 - Level 10.4 Spellcasting
 - Level 2.0 Translocations
 - Level 10.4 Fire Magic
 + Level 4.5 Ice Magic
 - Level 5.2 Poison Magic


You had 13 spell levels left.
You knew the following spells:

 Your Spells              Type           Power        Failure   Level  Hunger
a - Flame Tongue          Fire           30 (30)      1%          1    None
b - Mephitic Cloud        Pois/Air       34 (100)     6%          3    None
c - Conjure Flame         Fire           72 (100)     1%          3    None
d - Blink                 Tloc           N/A          3%          2    None
e - Inner Flame           Hex/Fire       51 (100)     1%          3    None
f - Freezing Cloud        Ice/Air        32 (200)     98%         6    ######.

Your spell library contained the following spells:

 Spells                   Type           Power        Failure   Level  Hunger
 Magic Candle             Hex/Fire       51 (90)      1%          1    None
 Call Imp                 Summ           11 (100)     9%          2    None
 Slow                     Hex            11 (100)     9%          2    None
 Portal Projectile        Chrm/Tloc      15 (50)      12%         3    None
 Ice Form                 Ice/Tmut       32 (100)     22%         4    #......
 Cause Fear               Hex            11 (200)     50%         4    #......
 Leda's Liquefaction      Tmut/Erth      11 (200)     50%         4    #......
 Bolt of Cold             Ice            47 (200)     80%         6    ######.
 Ozocubu's Refrigeration  Ice            47 (200)     80%         6    ######.
 Simulacrum               Ice/Necr       32 (200)     98%         6    ######.


Dungeon Overview and Level Annotations

Branches:
Dungeon (5/8)              Temple (0/1) D:4            Lair (2/6) D:5
  IceCv (visited)
  Swamp: Lair:2-4    Shoals: Lair:2-4     Snake: Lair:2-4    Spider: Lair:2-4

Portals:
Abyss: Lair:1

Annotations:
Lair:1 2 transporters, t4s4d4r's ghost, journeyman HOPr
Lair:2 exclusion: oklob plant


Innate Abilities, Weirdness & Mutations

You cannot fit into any form of body armour.
Your imposing gold scales are resilient. (AC +9)
You can breathe your choice of flames, frost or noxious fumes.
You have an increased reservoir of magic. (+10% MP)
You are cold-blooded and may be slowed by cold attacks.
You are naturally skilled at Whips & Flails (Aptitude +3).
You are naturally skilled at Stealth (Aptitude +3).
You are in touch with the powers of fire, ice and venom.
Your imposing gold scales grant you resistance to fire, cold and poison. (rF+, rC+, rPois)


Message History

Press: ? - help, Dir - move target cursor You feel a surge of power!
The fire ignites!
Casting: Conjure Flame (safe; 1% risk of failure)
Confirm with . or Enter, or press ? or * to list all spells.
Aiming: Conjure Flame (safe; 1% risk of failure)
Press: ? - help, Dir - move target cursor You feel a surge of power!
The fire ignites!
The wolf spider is engulfed in blazing flames (8)!
You barely miss the wolf spider.
You hit the wolf spider but do no damage.
You tail-slap the wolf spider, but do no damage.
The wolf spider is lightly wounded. (50/57) HP The wolf spider is engulfed in blazing flames (10)!
The wolf spider hits you (18)!!
* * * LOW HITPOINT WARNING * * *
The wolf spider bites you (9)!
* * * LOW HITPOINT WARNING * * *
The wolf spider is engulfed in blazing flames (4).
The wolf spider hits you (13)!
You die...

.....#...♣...+...♣...+...♣.......
...P.+.........#.....#.......+...
...###..#..#.#.......#.#.....#...
...# ##.....#........#......#....
...# ###...#...##+###.###.###....
...###...#....##...#.............
..............#.†...#............
...............♣†>.♣#............
.#.##.#.##....#.@s..♣............
.####.#######.##.♣§##....].......
...............#..♣..............
.###..##.#.##....................
...........#.....................
............#....................
..........†.....##...............
...........####P##P..............
............# #####..............


You could see a wolf spider.

Vanquished Creatures
  A frost giant (IceCv)
  4 two-headed ogres (D:5)
  2 hydras
  Pikel (D:4)
  A death yak (IceCv)
  Joseph (D:4)
  2 black mambas (Lair:1)
  An ice statue (IceCv)
  2 rime drakes (IceCv)
  3 spiny frogs (Lair:1)
  A komodo dragon (Lair:1)
  11 polar bears (IceCv)
  Prince Ribbit (D:3)
  2 hippogriffs (D:5)
  Grinder (D:3)
  A wyvern (D:5)
  29 yaks
  3 hungry ghosts (D:5)
  A redback (Lair:1)
  A slime creature (D:2)
  6 water moccasins
  2 phantoms
  Duvessa (D:3)
  A necrophage (D:5)
  An orc warrior (D:5)
  3 porcupines
  2 scorpions
  3 ice beasts
  4 ogres
  19 wolves
  Ijyb (D:3)
  9 crocodiles
  11 bullfrogs
  4 big kobolds (D:2)
  Dowan (D:3)
  4 howler monkeys
  5 electric eels (Lair:1)
  A crimson imp (D:3)
  4 orc priests (D:5)
  5 hounds
  10 jellies
  An orc wizard (D:5)
  An iguana (D:5)
  5 worker ants
  A wyvern zombie (D:4)
  A giant cockroach (D:1)
  2 bullfrog zombies (D:4)
  A bullfrog skeleton (D:4)
  A shadow imp (D:4)
  9 adders
  4 gnolls (D:3)
  35 sewer rats
  4 worms
  7 cinder newts
  A hound zombie (D:5)
  5 oozes (D:2)
  A hound skeleton (D:5)
  2 dart slugs
  8 leopard geckos
  21 orcs
  2 adder skeletons (D:2)
  5 bats (D:2)
  6 hobgoblins (D:1)
  7 jackals
  4 quokkas
  6 ball pythons
  2 ball python skeletons
  5 bat skeletons (D:2)
  30 kobolds
  A leopard gecko skeleton (D:2)
  An orc skeleton (D:2)
  A quokka zombie (D:5)
  8 rats (D:1)
  A giant blowfly (D:2)
  A slave (D:4)
  4 withered plants (D:2)
360 creatures vanquished.

Vanquished Creatures (others)
  A big kobold (D:2)
  2 sewer rats (D:2)
  An orc (D:4)
  A bat (D:2)
  2 ball pythons (D:2)
  A goblin skeleton (D:2)
  A kobold (D:2)
  A fungus (Lair:1)
  A slimehead (D:2)
  117 withered plants (D:2)
128 creatures vanquished.

Grand Total: 488 creatures vanquished

Notes
Turn   | Place    | Note
-------+----------+-------------------------------------------
     0 | D:1      | diana the Immature Draconian Demigod began the quest for
                  | the Orb.
     0 | D:1      | Reached XP level 1. HP: 18/18 MP: 3/3
   114 | D:1      | Reached XP level 2. HP: 26/26 MP: 4/4
   120 | D:1      | Reached skill level 2 in Fighting
   124 | D:1      | Reached XP level 3. HP: 32/32 MP: 5/5
   712 | D:2      | Reached XP level 4. HP: 40/40 MP: 6/6
   734 | D:2      | Noticed a crocodile
   747 | D:2      | Killed a crocodile
   747 | D:2      | Reached skill level 3 in Fighting
   747 | D:2      | Reached XP level 5. HP: 24/49 MP: 7/7
  1065 | D:2      | Reached skill level 4 in Fighting
  1083 | D:2      | Reached XP level 6. HP: 50/57 MP: 8/8
  1273 | D:2      | Reached skill level 5 in Fighting
  1273 | D:2      | Your scales start taking on an imposing gold colour.
  1273 | D:2      | Reached XP level 7. HP: 56/67 MP: 9/9
  1273 | D:2      | Gained mutation: Your imposing gold scales grant you
                  | resistance to fire, cold and poison. (rF+, rC+, rPois)
                  | [Golden Draconian growth]
  1273 | D:2      | Gained mutation: You are in touch with the powers of fire,
                  | ice and venom. [Golden Draconian growth]
  1895 | D:2      | Reached XP level 8. HP: 76/76 MP: 13/13
  1949 | D:2      | Reached skill level 6 in Fighting
  1949 | D:2      | Reached skill level 5 in Unarmed Combat
  1952 | D:2      | Found a white marble altar of Elyvilon.
  2173 | D:2      | Identified a scroll of acquirement
  2186 | D:2      | Found an opulent altar of Gozag.
  2681 | D:3      | Noticed Ijyb
  2688 | D:3      | Killed Ijyb
  2688 | D:3      | Reached skill level 5 in Dodging
  2688 | D:3      | Reached skill level 5 in Fire Magic
  2839 | D:3      | Noticed Dowan
  2852 | D:3      | Killed Dowan
  2865 | D:3      | Noticed Duvessa
  2972 | D:4      | Found a staircase to the Ecumenical Temple.
  3023 | D:3      | Killed Duvessa
  3149 | D:3      | Noticed Prince Ribbit
  3155 | D:3      | Noticed Grinder
  3157 | D:3      | Killed Prince Ribbit
  3157 | D:3      | Reached skill level 7 in Fighting
  3157 | D:3      | Reached XP level 9. HP: 82/86 MP: 16/18
  3167 | D:3      | Killed Grinder
  3167 | D:3      | Reached skill level 5 in Spellcasting
  3233 | D:3      | Found an iron altar of Okawaru.
  3663 | D:4      | Learned a level 3 spell: Mephitic Cloud
  3685 | D:4      | Learned a level 3 spell: Conjure Flame
  3734 | D:4      | Noticed Pikel
  3826 | D:4      | Killed Pikel
  3826 | D:4      | Reached skill level 8 in Fighting
  4091 | D:4      | Found a blossoming altar of Fedhas.
  4191 | D:4      | Reached skill level 1 in Poison Magic
  4387 | D:4      | Noticed Joseph
  4397 | D:4      | Killed Joseph
  4465 | D:4      | Found a basalt altar of Yredelemnul.
  4589 | D:5      | Entered Level 5 of the Dungeon
  4631 | D:5      | Found a frozen archway.
  4647 | IceCv    | Entered an ice cave
  4651 | IceCv    | Gained mutation: You are naturally skilled at Whips &
                  | Flails (Aptitude +3). [draconic bloodline]
  4651 | IceCv    | Reached XP level 10. HP: 97/97 MP: 21/21
  4884 | IceCv    | Identified the +3 mace "Nicvesch" {crush, Int+3}
  4936 | IceCv    | Reached skill level 5 in Poison Magic
  4971 | IceCv    | Reached skill level 9 in Fighting
  5257 | IceCv    | Identified the cursed +0 cleaver of Kindness {slice, rPois
                  | rF+ MP+9, (Curse: *Slow MR-)}
  5442 | IceCv    | Reached XP level 11. HP: 99/108 MP: 19/25
  5483 | IceCv    | Reached skill level 10 in Fighting
  5706 | IceCv    | Noticed a frost giant
  5962 | IceCv    | Killed a frost giant
  6177 | D:5      | Learned a level 2 spell: Blink
  6223 | D:5      | Reached skill level 10 in Fire Magic
  6237 | D:5      | Found a hazy altar of Hepliaklqana.
  6363 | D:5      | Reached skill level 1 in Translocations
  6420 | D:5      | Noticed a two-headed ogre
  6435 | D:5      | Killed a two-headed ogre
  6435 | D:5      | Reached skill level 11 in Fighting
  6435 | D:5      | Reached skill level 10 in Spellcasting
  6782 | D:5      | Found a radiant altar of Vehumet.
  6905 | D:5      | Found a staircase to the Lair.
  6933 | D:5      | Noticed a two-headed ogre
  6935 | D:5      | Noticed a two-headed ogre
  6936 | D:5      | Noticed a two-headed ogre
  6944 | D:5      | Killed a two-headed ogre
  6950 | D:5      | Killed a two-headed ogre
  6952 | D:5      | Killed a two-headed ogre
  7227 | Lair:1   | Entered Level 1 of the Lair of Beasts
  7308 | D:5      | Reached skill level 12 in Fighting
  7583 | Lair:1   | Gained mutation: You are naturally skilled at Stealth
                  | (Aptitude +3). [draconic bloodline]
  7583 | Lair:1   | Reached XP level 12. HP: 92/121 MP: 23/29
  7722 | D:5      | Learned a level 3 spell: Inner Flame
  7729 | D:5      | Learned a level 6 spell: Freezing Cloud
  7738 | Lair:1   | Reached skill level 1 in Ice Magic
  8178 | Lair:1   | Noticed a mummy priest
  8178 | Lair:1   | Noticed a mummy priest
  8794 | Lair:1   | Found a one-way gate to the infinite horrors of the Abyss.
  8794 | Lair:1   | Noticed t4s4d4r's ghost (journeyman HOPr)
  8838 | Lair:1   | Found a transporter.
  8857 | Lair:1   | Found a transporter.
  9211 | Lair:1   | HP: 5/123 [wolf spider (9)]
  9211 | Lair:1   | Mangled by a wolf spider

Levels and vault maps discovered:
D:1:      dpeg_arrival_oval, layout_loops_ring, kennysheep_generic_room_8,
          portal_sewer_entry_c
D:2:      layout_sewer, nicolae_gozag_seed_capital, elyvilon_niche
D:3:      layout_basic, kennysheep_little_box, first_ration,
          uniq_prince_ribbit1, uniq_ijyb, uniq_duvessa, uniq_grinder
D:4:      layout_loops_cross, kennysheep_mini_moat, marbit_many_paths,
          minmay_temple_entry_glassed_door, uniq_joseph, uniq_pikel
D:5:      layout_cave_pods, nicolae_overflow_crystal_walls,
          bcadren_lemuel_inverted_doored_altar, lair_entry_dummy,
          portal_ice_cave_entry_pillars_2
Lair:1:   layout_gridlike, gammafunk_ghost_abyssal_escape, grunt_megastairs_1,
          chequers_ossuary_entry_cave, infiniplex_staircase_pool,
          lemuel_fruit_tree
Lair:2:   layout_roguey, guppyfry_snake_entry_island

Skill      XL: |  1  2  3  4  5  6  7  8  9 10 11 12 |
---------------+-------------------------------------+-----
Unarmed Combat | 2 3 4 5 6 |  6.6
Fighting       | 2 3 4 5 7 8 9 12 | 12.8
Dodging        | 3 4 5 |  5.2
Fire Magic     | 2 4 5 7 9 10 | 10.4
Spellcasting   | 2 4 6 8 10 | 10.4
Poison Magic   | 3 5 |  5.2
Translocations | 2 |  2.0
Stealth        | 2 |  2.0
Ice Magic      | 4 |  4.5

Action                   |  1- 3 |  4- 6 |  7- 9 | 10-12 || total
-------------------------+-------+-------+-------+-------++-------
Melee: Unarmed           |    90 |   312 |   515 |   213 ||  1130
       Tailslap          |     6 |    24 |    39 |    47 ||   116
       Mace              |       |       |       |   218 ||   218
 Cast: Flame Tongue      |       |       |    41 |   181 ||   222
       Conjure Flame     |       |       |     2 |    34 ||    36
       Mephitic Cloud    |       |       |       |    32 ||    32
  Use: Scroll            |       |       |     1 |     5 ||     6
       Potion            |       |       |       |     2 ||     2
 Stab: Sleeping          |     4 |       |     7 |     1 ||    12
       Distracted        |       |       |     1 |       ||     1
       Confused          |       |       |       |    11 ||    11
  Eat: Chunk             |       |     2 |     9 |    13 ||    24
       Ration            |       |       |     1 |     1 ||     2
Armor: Skin              |     3 |    47 |    51 |   157 ||   258
Dodge: Dodged            |    14 |   139 |   109 |   269 ||   531
       Deflected         |       |       |     1 |       ||     1
